 Dungeon Crawl Stone Soup version 0.29.0-4-gdea44cf6ec (webtiles) character file.

Game seed: 16559488674940055038

646 qw the Cleaver (level 7, -3/41 HPs)
             Began as a Tengu Warper on Aug 28, 2022.
             Slain by a gnoll
             ... wielding a +0 flail
              (10 damage)
             ... on level 4 of the Dungeon.
             The game lasted 00:00:28 (5492 turns).

qw the Cleaver (Tengu Warper)                       Turns: 5492, Time: 00:00:29

Health: -3/41      AC:  6    Str: 14    XL:     7   Next: 52%
Magic:  11/11      EV: 11    Int: 11    God:
Gold:   33         SH:  0    Dex: 13    Spells: 10/10 levels left

rFire   . . .      SeeInvis .   Y - +0 war axe
rCold   . . .      Faith    .   (no shield)
rNeg    . . .      Spirit   .   g - +0 scale mail
rPois   +          Reflect  .   (helmet restricted)
rElec   .          Harm     .   (no cloak)
rCorr   .          Rampage  .   (no gloves)
Will    .....                   (boots unavailable)
Stlth   ..........              (no amulet)
HPRegen 0.13/turn               c - ring of poison resistance
MPRegen 0.12/turn               (no ring)

@: flying quickly and evasively, quick
A: beak, talons 3, nimble flight, dopey 1
a: no special abilities


You were on level 4 of the Dungeon.
You visited 1 branch of the dungeon, and saw 4 of its levels.

You collected 137 gold pieces.
You spent 104 gold pieces at shops.


Innate Abilities, Weirdness & Mutations

You have a beak for a mouth.
You have claws for feet.
Your magical nature lets you fly swiftly and evasively.
You are dopey. (Int -2)


   Skills:
 - Level 3.2 Fighting
 + Level 8.5 Axes
 - Level 1.0 Throwing
 - Level 1.1 Armour
 - Level 2.1 Dodging
 - Level 2.0 Spellcasting
 - Level 2.4 Translocations


You had 10 spell levels left.
You didn't know any spells.
Your spell library contained the following spells:

 Spells                   Type           Power      Damage    Failure   Level
 Blink                    Tloc           12%        N/A       58%         2
 Gell's Gravitas          Tloc           6%         N/A       82%         3
 Lesser Beckoning         Tloc           6%         N/A       82%         3
 Teleport Other           Tloc           6%         N/A       82%         3
 Manifold Assault         Tloc           6%         N/A       100%        5

Inventory:

Hand Weapons
 i - a +0 whip
 Y - a +0 war axe (weapon)
Armour
 e - a +0 chain mail
 g - a +0 scale mail (worn)
Jewellery
 c - a ring of poison resistance (left hand)
 l - an amulet of reflection
 m - a +4 ring of slaying {mikee}
Scrolls
 d - 2 scrolls of identify
 o - a scroll of enchant weapon {unknown}
Potions
 a - a potion of haste {unknown}
 b - a potion of magic {unknown}
 f - a potion of degeneration {unknown}
 h - a potion of might
 k - a potion of cancellation {unknown}
 n - 3 potions of curing
 p - a potion of resistance {unknown}

Dungeon Overview and Level Annotations

Branches:
Dungeon (4/15)
 Temple: D:4-7

Altars:
Gozag
Kikubaaqudgha
Wu Jian
Zin

Shops:
D:4 !


Message History

The kobold brigand hits you but does no damage.
The orc hits you with a +0 mace.
The gnoll hits you from afar with a +0 spear.
You closely miss the kobold brigand. You claw the kobold brigand.
Your peck misses the kobold brigand.
The kobold brigand is lightly wounded.
You hit the orc. You hit the gnoll but do no damage. You barely miss the orc.
The orc hits you with a +0 short sword. The gnoll barely misses you.
The kobold brigand hits you but does no damage.
The orc misses you. The gnoll barely misses you.
You slash the orc!
You kill the orc!
You barely miss the gnoll. You barely miss the orc.
You barely miss the kobold brigand. The orc hits you but does no damage.
The gnoll hits you with a +0 flail!
The kobold brigand hits you with a +0 dagger.
The gnoll barely misses you.
5489 ||| DRINKING potion of heal wounds.
You feel much better. The gnoll misses you.
The orc hits you but does no damage. The gnoll barely misses you.
The kobold brigand barely misses you.
The gnoll hits you from afar with a +0 spear!
You hit the kobold brigand. You peck the kobold brigand.
The kobold brigand is moderately wounded.
You hit the orc. You barely miss the gnoll. You hit the gnoll.
The gnoll misses you. The orc closely misses you.
The gnoll hits you with a +0 flail! The kobold brigand closely misses you.
The gnoll hits you from afar with a +0 spear.
You barely miss the kobold brigand. Your kick misses the kobold brigand.
The kobold brigand is moderately wounded.
You hit the gnoll. You barely miss the orc. You hit the gnoll.
The gnoll hits you but does no damage. The orc closely misses you.
The gnoll hits you but does no damage.
The kobold brigand hits you with a +0 dagger.
The gnoll closely misses you.
You hit the gnoll but do no damage. You claw the gnoll.
The gnoll is almost dead.
You hit the gnoll. You hit the orc. You hit the kobold brigand.
The gnoll hits you with a +0 flail!
You die...

o.#............................#.
..##############################.
#+# #+ # #######++###### #
............... # ...............
# .....g.o....... #
......Kgg...... # ##@o## #
#######....# # +.....'....+ #+#
#######....# #+
..#############''''#############.
oo#............................#g
###~~~~~~~~~~~~....~~~~~~~~%~~~##
~~~~~~~~~~~~~~~....~~~~~~~~~~~~~~
~~~~~~~~~~~~~~~....~%~~~~~~)~~~~~


You could see a kobold brigand, 3 gnolls and 2 orcs.

Vanquished Creatures
  A phantom (D:3)
  A scorpion (D:4)
  3 vampire bats (D:3)
  4 hounds (D:4)
  An orc wizard (D:4)
  6 adders
  7 gnolls (D:4)
  A shadow imp (D:4)
  A worm (D:3)
  2 dart slugs (D:1)
  10 orcs
  8 ball pythons
  2 bat skeletons (D:3)
  4 bat zombies (D:3)
  9 endoplasms
  4 giant cockroaches
  7 goblins
  8 hobgoblins
  11 jackals (D:4)
  2 kobolds
  3 quokkas
  7 bats
  5 frilled lizards
  4 rats (D:3)
111 creatures vanquished.

Vanquished Creatures (others)
  A plant (D:4)
1 creature vanquished.

Grand Total: 112 creatures vanquished

Notes
Turn   | Place    | Note
-------+----------+-------------------------------------------
     0 | D:1      | qw the Tengu Warper began the quest for the Orb.
     0 | D:1      | Reached XP level 1. HP: 12/12 MP: 4/4
     0 | D:1      | 0 ||| qw: Version: 0.1-a-89-g26bdef1
     0 | D:1      | 0 ||| qw: Game counter: 1293
     0 | D:1      | 0 ||| qw: Always use a shield: true
     0 | D:1      | 0 ||| qw: God list: Okawaru
     0 | D:1      | 0 ||| qw: Allow faded altars: false
     0 | D:1      | 0 ||| qw: Do Orc after D:15 true
     0 | D:1      | 0 ||| qw: Do second Lair branch before Depths: true
     0 | D:1      | 0 ||| qw: Lair rune preference: random
     0 | D:1      | 0 ||| qw: Plans: Normal
     0 | D:1      | 0 ||| PLANNING D:1-11
   220 | D:1      | 220 ||| Stepping ~*~*~tactically~*~*~ (stealth).
   224 | D:1      | Reached XP level 2. HP: 17/17 MP: 6/6
   225 | D:1      | 225 ||| Stepping ~*~*~tactically~*~*~ (hiding).
   327 | D:1      | 327 ||| Stepping ~*~*~tactically~*~*~ (hiding).
   429 | D:1      | 429 ||| Stepping ~*~*~tactically~*~*~ (hiding).
   440 | D:1      | Reached skill level 3 in Axes
   584 | D:1      | 584 ||| Stepping ~*~*~tactically~*~*~ (hiding).
   686 | D:1      | 686 ||| Stepping ~*~*~tactically~*~*~ (hiding).
  1195 | D:1      | Reached XP level 3. HP: 17/21 MP: 7/7
  1501 | D:1      | 1501 ||| UPGRADING to +0 ring mail.
  1511 | D:1      | 1511 ||| DROPPING +0 leather armour.
  1512 | D:1      | 1512 ||| DROPPING ring of flight.
  1513 | D:1      | 1513 ||| READING scroll labelled DAATWA FYHAGGI.
  1514 | D:1      | 1514 ||| READING scroll labelled XEETWARIWO.
  1515 | D:1      | 1515 ||| READING scroll labelled WELUABROHIE.
  1516 | D:1      | 1516 ||| DRINKING 2 glowing red potions.
  1550 | D:1      | 1550 ||| DRINKING 2 bubbling coppery potions.
  1551 | D:1      | 1551 ||| DROPPING scroll of blinking.
  1552 | D:1      | 1552 ||| DROPPING potion of lignification.
  1553 | D:1      | 1553 ||| DROPPING potion of attraction.
  1656 | D:2      | Reached skill level 4 in Axes
  1860 | D:2      | 1860 ||| Stepping ~*~*~tactically~*~*~ (hiding).
  1862 | D:2      | 1862 ||| Stepping ~*~*~tactically~*~*~ (hiding).
  2101 | D:2      | Found a faded altar of an unknown god.
  2281 | D:2      | Reached XP level 4. HP: 9/26 MP: 8/8
  2283 | D:2      | HP: 6/26 [poisoned by an adder]
  2919 | D:2      | 2919 ||| UPGRADING to +0 scale mail.
  2929 | D:2      | 2929 ||| DROPPING +0 ring mail.
  2930 | D:2      | 2930 ||| UPGRADING to ring of poison resistance.
  2931 | D:2      | 2931 ||| READING scroll labelled PASAWN FOULLU.
  2932 | D:2      | 2932 ||| DRINKING 2 coppery potions.
  2959 | D:3      | 2959 ||| Stepping ~*~*~tactically~*~*~ (hiding).
  2965 | D:3      | 2965 ||| Stepping ~*~*~tactically~*~*~ (stealth).
  2966 | D:3      | 2966 ||| Stepping ~*~*~tactically~*~*~ (stealth).
  3016 | D:3      | Reached skill level 5 in Axes
  3194 | D:3      | 3194 ||| DROPPING +0 club.
  3268 | D:3      | Found a glowing silver altar of Zin.
  3300 | D:3      | 3300 ||| Stepping ~*~*~tactically~*~*~ (stealth).
  3391 | D:3      | 3391 ||| Stepping ~*~*~tactically~*~*~ (stealth).
  3664 | D:3      | Found an ancient bone altar of Kikubaaqudgha.
  3682 | D:3      | Gained mutation: Your magical nature lets you fly swiftly
                  | and evasively. [Tengu growth]
  3682 | D:3      | Reached XP level 5. HP: 24/30 MP: 9/9
  3683 | D:3      | Reached skill level 6 in Axes
  3864 | D:3      | Reached XP level 6. HP: 35/35 MP: 10/10
  3954 | D:3      | Found an opulent altar of Gozag.
  4113 | D:3      | Found an ornate altar of the Wu Jian Council.
  4114 | D:3      | 4114 ||| SWAPPING to +0 war axe.
  4115 | D:3      | 4115 ||| DROPPING +0 hand axe.
  4218 | D:3      | 4218 ||| READING scroll labelled NAFUIQ ABULUTH.
  4219 | D:3      | 4219 ||| READING scroll labelled MUANUR PUDWIL.
  4220 | D:3      | 4220 ||| READING scroll labelled TITUNU KIGH.
  4221 | D:3      | 4221 ||| READING scroll labelled BABLAK PAPETOB.
  4222 | D:3      | 4222 ||| DRINKING 2 glowing grey potions.
  4222 | D:3      | Gained mutation: You sometimes lose your temper in combat.
                  | [potion of mutation]
  4222 | D:3      | Gained mutation: You are dopey. (Int -2) [potion of
                  | mutation]
  4222 | D:3      | Gained mutation: You have a pair of small horns on your
                  | head. [potion of mutation]
  4223 | D:3      | 4223 ||| DRINKING potion of mutation.
  4223 | D:3      | Lost mutation: You have a pair of small horns on your head.
                  | [potion of mutation]
  4223 | D:3      | Lost mutation: You sometimes lose your temper in combat.
                  | [potion of mutation]
  4245 | D:4      | 4245 ||| STAIRDANCE
  4258 | D:3      | Reached skill level 7 in Axes
  4362 | D:4      | 4362 ||| STAIRDANCE
  4534 | D:4      | 4534 ||| Stepping ~*~*~tactically~*~*~ (stealth).
  4539 | D:4      | 4539 ||| Stepping ~*~*~tactically~*~*~ (stealth).
  4540 | D:4      | 4540 ||| Stepping ~*~*~tactically~*~*~ (stealth).
  4568 | D:4      | 4568 ||| FLEEEEING.
  4569 | D:4      | 4569 ||| FLEEEEING.
  4570 | D:4      | 4570 ||| FLEEEEING.
  4571 | D:4      | 4571 ||| FLEEEEING.
  4572 | D:4      | 4572 ||| FLEEEEING.
  4573 | D:4      | 4573 ||| FLEEEEING.
  4574 | D:4      | 4574 ||| FLEEEEING.
  4575 | D:4      | 4575 ||| FLEEEEING.
  4576 | D:4      | 4576 ||| FLEEEEING.
  4577 | D:4      | 4577 ||| FLEEEEING.
  4578 | D:4      | 4578 ||| FLEEEEING.
  4579 | D:4      | 4579 ||| FLEEEEING.
  4580 | D:4      | 4580 ||| FLEEEEING.
  4581 | D:4      | 4581 ||| FLEEEEING.
  4582 | D:4      | 4582 ||| FLEEEEING.
  4583 | D:4      | 4583 ||| FLEEEEING.
  4584 | D:4      | 4584 ||| FLEEEEING.
  4585 | D:4      | 4585 ||| FLEEEEING.
  4586 | D:4      | 4586 ||| STAIRDANCE
  4669 | D:4      | 4669 ||| Stepping ~*~*~tactically~*~*~ (stealth).
  4735 | D:4      | Reached skill level 3 in Fighting
  4741 | D:4      | Reached XP level 7. HP: 36/41 MP: 11/11
  5159 | D:4      | Reached skill level 8 in Axes
  5219 | D:4      | Found Ovvietwi's Distillery.
  5223 | D:4      | 5223 ||| BUYING potion of curing (39 gold).
  5223 | D:4      | Bought a potion of curing for 39 gold pieces
  5223 | D:4      | 5223 ||| BUYING potion of heal wounds (65 gold).
  5223 | D:4      | Bought a potion of heal wounds for 65 gold pieces
  5223 | D:4      | 5223 ||| SHOPLISTING potion of might (52 gold, have 26).
  5223 | D:4      | 5223 ||| SHOPLISTING potion of mutation (104 gold, have
                  | 26).
  5223 | D:4      | 5223 ||| SHOPLISTING potion of resistance (130 gold, have
                  | 26).
  5485 | D:4      | HP: 4/41 [kobold brigand/+0 dagger (7)]
  5486 | D:4      | 5486 ||| DRINKING 2 potions of heal wounds.
  5489 | D:4      | 5489 ||| DRINKING potion of heal wounds.
  5491 | D:4      | HP: 7/41 [kobold brigand/+0 dagger (6)]
  5492 | D:4      | Slain by a gnoll

Levels and vault maps discovered:
D:1:      minmay_arrival_plants_in_alcoves, layout_loops_ring, chequers_jeans,
          minmay_misc_feat_enclosed, corner_web_ring
D:2:      layout_loops_ring, chequers_ecumenical_altar_simple, dk_noncrumbling_2
D:3:      layout_loops_corners, kennysheep_vampire_church,
          pdpol_wu_jian_five_deadly_venoms,
          pdpol_temple_overflow_zin_treasury_gozag_greed
D:4:      lemuel_castle_with_subvaults [lemuel_castle_interior_original],
          layout_rooms, serial_shops, nicolae_shop_hallway_stairs,
          minmay_parallelograms, minmay_misc_feat_iff

Skill      XL: |  1  2  3  4  5  6  7 |
---------------+----------------------+-----
Axes           | 3 4 5 6 7 8 |  8.5
Fighting       | 3 |  3.2
Throwing       | |  1.0
Armour         | |  1.1
Dodging        | |  2.1
Spellcasting   | |  2.0
Translocations | |  2.4

Action                   |  1- 3 |  4- 6 |  7- 9 || total
-------------------------+-------+-------+-------++-------
Melee: Hand axe          |    96 |    79 |       ||   175
       Kick              |    19 |    32 |    16 ||    67
       Peck              |     9 |    21 |    10 ||    40
       Punch             |       |     1 |       ||     1
       War axe           |       |    50 |    63 ||   113
Throw: Boomerang         |     7 |       |       ||     7
  Use: Scroll            |     3 |     5 |       ||     8
       Potion            |     2 |     3 |     2 ||     7
Armor: Leather armour    |    14 |       |       ||    14
       Ring mail         |    15 |     3 |       ||    18
       Scale mail        |       |    58 |    21 ||    79
Dodge: Dodged            |    51 |    67 |    57 ||   175

Table legend:
 A = Non-vault XP
 B = Vault XP
 C = Vault XP percentage of total XP
 D = Non-vault monster count
 E = Vault monster count
 F = Vault count percentage of total count
                 A         B        C        D         E       F
            +---------+---------+-------+---------+---------+-------
      Total |     479 |     445 |  48.2 |      76 |      35 |  31.5
            +---------+---------+-------+---------+---------+-------
        D:1 |      40 |       0 |   0.0 |      21 |       0 |   0.0
        D:2 |      62 |       0 |   0.0 |      15 |       0 |   0.0
        D:3 |     148 |     186 |  55.7 |      24 |       9 |  27.3
        D:4 |     229 |     259 |  53.1 |      16 |      26 |  61.9
            +---------+---------+-------+---------+---------+-------
